 Dungeon Crawl Stone Soup version 0.23-a0-335-gba3dfdf (webtiles) character file.

42598 Amnesiac the Nimble (level 13, 66/66 HPs)
             Began as a Felid Earth Elementalist on Oct 17, 2018.
             Was the Champion of Dithmenos.
             Quit the game on level 6 of the Lair of Beasts on Oct 18, 2018.
             The game lasted 01:02:54 (26231 turns).

Amnesiac the Nimble (Felid Earth Elementalist)     Turns: 26231, Time: 01:02:55

Health: 66/66      AC:  3    Str:  4    XL:     13   Next: 86%
Magic:  25/25      EV: 32    Int: 21    God:    Dithmenos [******]
Gold:   1534       SH:  0    Dex: 21    Spells: 3/26 levels left
                                        Lives:  1   Deaths: 1

rFire    . . .     SeeInvis +     - Unarmed
rCold    + + .     Gourm    .   (shield unavailable)
rNeg     . . .     Faith    .   (armour unavailable)
rPois    .         Spirit   .   (helmet unavailable)
rElec    .         Reflect  .   (cloak unavailable)
rCorr    .         Harm     .   (gloves unavailable)
MR       +....                  (boots unavailable)
Stlth    ++++++++++             (no amulet)
HPRegen  0.21/turn              e - ring of flight
MPRegen  0.19/turn              G - ring "Rixeish" {+Inv rC+ Dex+4}

@: wreathed by umbra, quick
A: very small, no armour, no weapons or thrown items, stealth, claws 1, fangs 3,
see invisible, carnivore, speed 1, shaggy fur 3, slow metabolism 1, sharp paws
a: Shadow Step, Shadow Form, Renounce Religion, Evoke Invisibility, Evoke Flight


You were on level 6 of the Lair of Beasts.
You worshipped Dithmenos.
Dithmenos was exalted by your worship.
You were not hungry.

You visited 2 branches of the dungeon, and saw 19 of its levels.

You collected 1534 gold pieces.

Inventory:

Missiles
 b - 328 stones
Jewellery
 e - a ring of flight (left paw)
 r - an uncursed ring of positive energy
 C - an uncursed ring of ice
 G - the ring "Rixeish" (right paw) {+Inv rC+ Dex+4}
   (You found it on level 11 of the Dungeon)

   [ring of dexterity]

   It affects your dexterity (+4).
   It protects you from cold.
   It lets you turn invisible.
Wands
 a - a wand of iceblast (1)
 h - a wand of flame (36)
 m - a wand of clouds (5)
 u - a wand of enslavement (9)
 y - a wand of paralysis (30)
 E - a wand of random effects (29)
 F - a wand of digging (55)
Scrolls
 d - 16 scrolls of remove curse {!r}
 f - 2 scrolls of noise {!r}
 j - 6 scrolls of teleportation {!r}
 l - 2 scrolls of fog {!r}
 p - 3 scrolls of amnesia {!r}
 q - 3 scrolls of fear {!r}
 t - 5 scrolls of blinking {!r}
 w - a scroll of silence {!r}
 B - a scroll of vulnerability {!r}
 H - 2 scrolls of magic mapping {!r}
 I - 5 scrolls of identify {!r}
 K - a scroll of summoning {!r, unknown}
Potions
 g - a potion of invisibility {!q}
 i - 4 potions of heal wounds {!q}
 k - a potion of mutation {!q}
 n - 2 potions of resistance {!q}
 o - 3 potions of flight {!q}
 s - 11 potions of curing {!q, unknown}
 v - 4 potions of lignification {!q}
 x - 2 potions of cancellation {!q}
 z - 4 potions of brilliance {!q}
 A - 4 potions of might {!q}
Miscellaneous
 J - 2 sacks of spiders
Comestibles
 c - 56 rations


   Skills:
 * Level 13.4 Fighting
 + Level 13.6 Dodging
 - Level 12.0 Stealth
 - Level 12.0 Unarmed Combat
 + Level 7.3 Spellcasting
 - Level 6.0 Transmutations
 - Level 9.0 Earth Magic
 - Level 4.0 Invocations
 - Level 4.0 Evocations


You had 3 spell levels left.
You knew the following spells:

 Your Spells              Type           Power        Failure   Level  Hunger
a - Sandblast             Erth           #####.       1%          1    None
b - Passwall              Tmut/Erth      #####...     1%          2    None
c - Mephitic Cloud        Conj/Pois/Air  #.......     26%         3    None
d - Lee's Rapid Deconstr  Erth           #####.....   6%          5    #####..
e - Petrify               Tmut/Erth      #####...     3%          4    ###....
f - Dazzling Spray        Conj/Hex       #.....       26%         3    None
s - Conjure Flame         Conj/Fire      #.......     26%         3    None
v - Blink                 Tloc           N/A          13%         2    None

Your spell library contained the following spells:

 Spells                   Type           Power        Failure   Level  Hunger
 Stone Arrow              Conj/Erth      ####..       4%          3    None
 Magic Dart               Conj           #...         9%          1    None
 Call Imp                 Summ           #.......     13%         2    None
 Searing Ray              Conj           #.....       13%         2    None
 Slow                     Hex            #.......     13%         2    None
 Force Lance              Conj/Tloc      #.......     63%         4    ###....
 Fulminant Prism          Conj/Hex       #.........   63%         4    ###....
 Iskenderun's Mystic Bla  Conj           #.......     63%         4    ###....


Dungeon Overview and Level Annotations

Branches:
Dungeon (13/15)            Temple (0/1) D:5            Lair (6/6) D:10
 Shoals (0/4) Lair:4       Spider (0/4) Lair:3        Slime (0/5) Lair:5
    Orc (0/2) D:12         Vaults (0/5) D:13

Altars:
Cheibriados
Dithmenos
Fedhas
Okawaru
Trog
Uskayaw
Yredelemnul
Zin

Annotations:
D:11 Fannar


Innate Abilities, Weirdness & Mutations

You cannot wear armour.
You are incapable of wielding weapons or throwing items.
Your paws allow you to move quietly. (Stealth)
You have sharp claws.
You have razor-sharp teeth.
You have supernaturally acute eyesight. (SInv)
You are carnivorous and can eat meat at any time.
You cover ground quickly.
Your thick and shaggy fur keeps you warm. (AC +3, rC+)
You have a slow metabolism.
Your sharp claws are effective at attacking unaware monsters.


Message History

Unknown command.
Casting: Petrify (safe; 3% risk of failure)
Confirm with . or Enter, or press ? or * to list all spells.
Aiming: Petrify (safe; 3% risk of failure)
Press: ? - help, Shift-Dir - straight line, f/p - anaconda
Aim: an anaconda (umbra, chance to defeat MR: 50%)
The anaconda resists with some effort.
Unknown command.
Casting: Petrify (safe; 3% risk of failure)
Confirm with . or Enter, or press ? or * to list all spells.
Aiming: Petrify (safe; 3% risk of failure)
Press: ? - help, Shift-Dir - straight line, f/p - anaconda
Aim: an anaconda (umbra, chance to defeat MR: 50%)
The anaconda resists with some effort.
Your shadow mimicks your spell!
The anaconda easily resists.
The anaconda completely misses you. x2
Unknown command.
The anaconda completely misses you. The anaconda misses you.
There is a large open door here.
Casting: Petrify (safe; 3% risk of failure)
Confirm with . or Enter, or press ? or * to list all spells.
Aiming: Petrify (safe; 3% risk of failure)
Press: ? - help, Shift-Dir - straight line, f/p - anaconda
Aim: an anaconda (umbra, chance to defeat MR: 50%)
The anaconda resists with some effort.
The anaconda grabs you. The anaconda closely misses you.
The anaconda constricts you. The anaconda completely misses you.
The anaconda constricts you.
Unknown command.
Casting: Petrify (safe; 3% risk of failure)
Confirm with . or Enter, or press ? or * to list all spells.
Aiming: Petrify (safe; 3% risk of failure)
Press: ? - help, Shift-Dir - straight line, f/p - anaconda
Aim: an anaconda (constricting you, umbra, chance to defeat MR: 50%)
The anaconda resists with some effort.
The anaconda completely misses you. The anaconda constricts you.
The anaconda bites you! The anaconda constricts you.
Unknown command.
You escape the anaconda's grasp.
Casting: Petrify (safe; 3% risk of failure)
Confirm with . or Enter, or press ? or * to list all spells.
You don't have enough magic to cast that spell.
Unknown command.
Press: ? - help, v - describe, . - travel
Here: an anaconda (umbra)
The floor.
The anaconda completely misses you. x2
There is an open door here.
The anaconda closely misses you. The anaconda bites you!
* * * LOW HITPOINT WARNING * * *
Casting: Petrify (safe; 3% risk of failure)
Confirm with . or Enter, or press ? or * to list all spells.
Aiming: Petrify (safe; 3% risk of failure)
Press: ? - help, Shift-Dir - straight line, f/p - anaconda
Aim: an anaconda (umbra, chance to defeat MR: 50%)
The anaconda is moving more slowly.
The anaconda grabs you. The anaconda bites you!!
* * * LOW HITPOINT WARNING * * *
x2 The anaconda constricts you.
The anaconda bites you!!
You die...
The anaconda constricts you.
You are now level 13!
You rejoin the land of the living...
Something loses its grip on you.
Are you sure you want to abandon this character and quit the game? (Confirm

.......# ##.#
......♣# .. ......#
#.8 P..P..# ..
P.....# ......# ###
......♣# #.#
#.P....## #####.#
........####..#.@#
.................###
...................#
................#.##
................###
.................##
..................#
#..#..........#..##
###.#.........####


There were no monsters in sight!

Vanquished Creatures
  Rupert (D:12)
  Kirke (Lair:4)
  Erolcha (D:10)
  7 hydras
  A catoblepas (Lair:6)
  Erica (D:9)
  A centaur warrior (D:13)
  An ogre mage (D:13)
  6 two-headed ogres
  Urug (Lair:1)
  Sonja (D:12)
  An unseen horror (D:10)
  An orc knight (D:13)
  4 lindwurms (Lair:4)
  4 ugly things
  2 manticores (D:13)
  A deep elf mage (D:12)
  7 oklob plants
  A moth of wrath (D:2)
  15 elephants
  An ice statue (D:9)
  2 gargoyles
  14 spiny frogs
  4 rime drakes (Lair:6)
  8 komodo dragons
  A queen bee (Lair:5)
  3 meliai (Lair:5)
  A troll (D:13)
  7 blink frogs (Lair:5)
  3 slime creatures (D:13)
  14 hippogriffs
  7 dream sheep (Lair:6)
  53 yaks
  8 hogs
  2 steam dragons
  3 wyverns
  A human (D:10)
  2 basilisks
  2 hungry ghosts
  Grum (D:9)
  A soldier ant (D:12)
  13 water moccasins
  An acid dragon (D:8)
  4 orc warriors
  6 porcupines
  2 ice beasts
  2 eyes of draining
  4 black bears
  3 phantoms
  4 sky beasts
  7 ogres
  A boggart (D:13)
  2 necrophages
  12 centaurs
  9 wolves
  9 crocodiles
  4 big kobolds
  19 bullfrogs
  A wyvern zombie (D:12)
  A scorpion (D:4)
  2 wyvern skeletons
  31 killer bees
  4 electric eels
  13 wights
  5 howler monkeys
  4 centaur zombies
  5 crimson imps
  10 hounds
  2 bullfrog skeletons
  2 bullfrog zombies
  4 jellies
  5 orc priests
  13 orc wizards
  4 centaur skeletons
  3 iguanas
  9 worker ants
  A killer bee zombie (D:9)
  A hound zombie (D:5)
  3 worker ant zombies
  Robin (D:2)
  A howler monkey zombie (D:12)
  10 adders
  3 gnolls (D:10)
  5 shadow imps
  7 oozes
  2 adder skeletons
  A worm (D:2)
  5 dart slugs (D:1)
  6 leopard geckos
  39 orcs
  4 giant cockroaches
  9 goblins
  10 hobgoblins
  12 jackals
  9 quokkas
  A ball python (D:5)
  5 bats
  6 frilled lizards
  15 kobolds
  A quokka skeleton (D:5)
  13 rats
  A fungus (Lair:6)
  4 plants
591 creatures vanquished.

Vanquished Creatures (others)
  2 centaurs (D:11)
  An orc wizard (D:6)
  6 fungi
  11 plants
20 creatures vanquished.

Grand Total: 611 creatures vanquished

Notes
Turn   | Place    | Note
-------+----------+-------------------------------------------
     0 | D:1      | Amnesiac the Felid Earth Elementalist began the quest for
                  | the Orb.
     0 | D:1      | Reached XP level 1. HP: 7/7 MP: 4/4
    98 | D:1      | Reached XP level 2. HP: 4/11 MP: 0/6
   360 | D:1      | Learned a level 2 spell: Passwall
   684 | D:2      | Reached XP level 3. HP: 9/14 MP: 7/7
   925 | D:2      | Noticed a moth of wrath
  1294 | D:5      | Entered Level 5 of the Dungeon
  1326 | D:4      | Reached XP level 4. HP: 10/18 MP: 0/8
  1340 | D:4      | Learned a level 4 spell: Petrify
  1614 | D:4      | Reached skill level 5 in Dodging
  1632 | D:4      | Noticed an ice beast
  1706 | D:4      | Killed an ice beast
  1706 | D:4      | Reached skill level 1 in Fighting
  1706 | D:4      | Reached XP level 5. HP: 9/22 MP: 0/10
  2455 | D:4      | Found a shadowy altar of Dithmenos.
  2546 | D:4      | Became a worshipper of Dithmenos the Shadowed
  3063 | D:1      | Gained mutation: You are covered in thick fur. (AC +2)
                  | [Felid growth]
  3063 | D:1      | Reached XP level 6. HP: 20/25 MP: 11/11
  3352 | D:1      | Found a basalt altar of Yredelemnul.
  3444 | D:2      | Noticed Robin
  3460 | D:2      | Killed Robin
  3628 | D:2      | Found a bloodstained altar of Trog.
  3645 | D:2      | Reached * piety under Dithmenos
  4358 | D:5      | Reached skill level 1 in Unarmed Combat
  4542 | D:5      | Reached skill level 5 in Earth Magic
  4542 | D:5      | Reached XP level 7. HP: 30/30 MP: 9/13
  4956 | D:5      | Learned a level 5 spell: Lee's Rapid Deconstruction
  4995 | D:5      | Reached ** piety under Dithmenos
  5178 | D:5      | Found a staircase to the Ecumenical Temple.
  5212 | D:5      | Reached XP level 8. HP: 18/33 MP: 3/15
  6003 | D:2      | Killed a moth of wrath
  6003 | D:2      | Reached skill level 5 in Spellcasting
  6140 | D:6      | Learned a level 2 spell: Blink
  6179 | D:6      | Found an iron altar of Okawaru.
  6266 | D:6      | Reached XP level 9. HP: 32/36 MP: 9/18
  6318 | D:6      | Reached *** piety under Dithmenos
  7350 | D:7      | Found a snail-covered altar of Cheibriados.
  7766 | D:8      | Learned a level 3 spell: Conjure Flame
  7770 | D:8      | Learned a level 3 spell: Mephitic Cloud
  7878 | D:8      | Noticed a gargoyle
  8600 | D:8      | Reached skill level 5 in Stealth
  8600 | D:8      | Reached skill level 5 in Unarmed Combat
  8607 | D:8      | Reached XP level 10. HP: 6/42 MP: 3/20
  9216 | D:8      | Killed a gargoyle
  9216 | D:8      | Reached **** piety under Dithmenos
  9306 | D:9      | Noticed Erica
  9326 | D:9      | Killed Erica
  9766 | D:9      | Noticed a two-headed ogre
  9769 | D:9      | Killed a two-headed ogre
  9854 | D:9      | Noticed an ice statue
  9861 | D:9      | Killed an ice statue
 10303 | D:9      | Noticed Grum
 10307 | D:9      | Reached skill level 5 in Fighting
 10323 | D:9      | Reached XP level 11. HP: 39/47 MP: 0/21
 10861 | D:9      | Killed Grum
 10895 | D:10     | Entered Level 10 of the Dungeon
 10902 | D:10     | Found a staircase to the Lair.
 10951 | D:10     | Noticed an unseen horror
 10960 | D:10     | Killed an unseen horror
 11180 | D:10     | Found a hide-covered altar of Uskayaw.
 11198 | D:10     | Noticed Erolcha
 11363 | D:10     | Found a blossoming altar of Fedhas.
 11813 | D:10     | Reached ***** piety under Dithmenos
 12190 | D:10     | Killed Erolcha
 12553 | Lair:1   | Entered Level 1 of the Lair of Beasts
 12553 | Lair:1   | Noticed Urug
 12563 | Lair:1   | Killed Urug
 12862 | D:11     | Reached skill level 10 in Dodging
 12895 | D:11     | Got a sparkling jade ring
 13019 | D:11     | Noticed a two-headed ogre
 13122 | D:11     | Killed a two-headed ogre
 13122 | D:11     | Reached skill level 10 in Stealth
 13133 | D:11     | Reached skill level 10 in Unarmed Combat
 13289 | D:11     | Gained mutation: Your thick and shaggy fur keeps you warm.
                  | (AC +3, rC+) [Felid growth]
 13289 | D:11     | Reached XP level 12. HP: 27/53 MP: 22/22
 13525 | D:11     | Noticed Fannar
 13528 | D:11     | Identified the ring "Rixeish" {+Inv rC+ Dex+4} (You found
                  | it on level 11 of the Dungeon)
 14571 | D:13     | Noticed a two-headed ogre
 14575 | D:13     | Killed a two-headed ogre
 14575 | D:13     | Noticed a two-headed ogre
 14598 | D:13     | Killed a two-headed ogre
 14709 | D:13     | Noticed a two-headed ogre
 14713 | D:13     | Killed a two-headed ogre
 14867 | D:13     | Noticed a centaur warrior
 15569 | D:13     | Noticed a two-headed ogre
 15589 | D:13     | Killed a two-headed ogre
 15623 | D:13     | Noticed an ogre mage
 15834 | D:13     | Killed a centaur warrior
 15866 | D:13     | Killed an ogre mage
 15966 | D:13     | Found a gate to the Vaults.
 16331 | D:12     | Noticed Rupert
 16333 | D:12     | Noticed a six-headed hydra
 16344 | D:12     | Found a staircase to the Orcish Mines.
 16424 | D:12     | Killed Rupert
 16424 | D:12     | Reached XP level 13. HP: 59/59 MP: 8/23
 16670 | D:12     | Noticed Sonja
 16696 | D:12     | Killed Sonja
 17157 | Lair:1   | Reached ****** piety under Dithmenos
 17157 | Lair:1   | Reached skill level 1 in Invocations
 17157 | Lair:1   | Reached skill level 1 in Evocations
 17287 | Lair:1   | Reached skill level 10 in Fighting
 17457 | Lair:1   | Learned a level 3 spell: Dazzling Spray
 18762 | Lair:2   | Reached skill level 5 in Transmutations
 19037 | Lair:2   | Found a bloodstained altar of Trog.
 20532 | Lair:3   | Found a hole to the Spider Nest.
 20553 | Lair:3   | Reached XP level 14. HP: 67/67 MP: 21/24
 20585 | Lair:3   | Found a glowing silver altar of Zin.
 21070 | Lair:4   | Found a staircase to the Shoals.
 21194 | Lair:4   | Noticed Kirke
 21225 | Lair:4   | Noticed a sphinx
 21946 | Lair:4   | Killed Kirke
 23073 | Lair:5   | Found a staircase to the Slime Pits.
 23704 | Lair:6   | Entered Level 6 of the Lair of Beasts
 26230 | Lair:6   | Mangled by an anaconda
 26231 | Lair:6   | Reached XP level 13. HP: -9/66 MP: 0/25
 26231 | Lair:6   | Quit the game

Vault maps used:
D:1:      dpeg_arrival_lava_altar, chequers_serial_rivers_room_a,
          minmay_surrounded
D:2:      tgw_trog, uniq_robin
D:4:      kennysheep_mini, first_ration
D:5:      minmay_temple_entry_junction_2, st_stairs_11, minmay_divided_ellipse
D:6:      okawaru_gym_becter
D:7:      marbit_many_paths
D:9:      lemuel_ice_statue, uniq_grum, uniq_erica
D:10:     lair_entry_dummy, grunt_livestock, chequers_garden,
          hangedman_feature_mirror, minmay_misc_feat_columns,
          minmay_strange_pillars, billiards_dpeg, uniq_erolcha
D:11:     uniq_fannar
D:12:     lemuel_ogre_cave, orc_0_dummy, uniq_sonja, uniq_rupert
D:13:     hangedman_vaults_entry_quadrant_bands, serial_column_ruins,
          column_ruins_grid_1, column_ruins_open_small, column_ruins_open_small,
          column_ruins_columns_corner, column_ruins_open_small, spider_trap,
          kennysheep_diamond
Lair:1:   minivault_26, minmay_lair_oklob_chamber, infiniplex_staircase_pool_2,
          lemuel_fruit_fields, uniq_urug
Lair:2:   basic_altar, serial_bayou_pond_b
Lair:3:   minmay_lair_oklob_tunnel, dummy_spider_entry, serial_forest,
          infiniplex_forest_corner_1, infiniplex_forest_lined_3_way,
          infiniplex_forest_straight_1, infiniplex_forest_lined_2,
          infiniplex_forest_lined_2, infiniplex_forest_corner_1,
          infiniplex_forest_clump_curved, basic_altar, infiniplex_staircase_pool
Lair:4:   shoals_dummy_entry, chequers_serial_rivers_large_b,
          minmay_lindwurm_lava, grunt_megastairs_4, uniq_kirke
Lair:5:   nicolae_slime_entry_slimehenge, special_room
Lair:6:   due_jungle_book, nicolae_quartered_pool_medium, st_stairs_5,
          lemuel_fruit_fields, lemuel_fruit_tree

Skill      XL: |  1  2  3  4  5  6  7  8  9 10 11 12 13 14 |
---------------+-------------------------------------------+-----
Stealth        | 3 5 7 10 12 | 12.0
Earth Magic    | 3 4 5 6 8 9 |  9.0
Dodging        | 3 4 5 6 8 10 11 12 13 | 13.6
Fighting       | 1 2 3 5 6 8 11 13 | 13.4
Spellcasting   | 3 4 5 6 7 |  7.3
Unarmed Combat | 1 3 5 7 10 12 | 12.0
Transmutations | 2 4 6 |  6.0
Invocations    | 4 |  4.0
Evocations     | 4 |  4.0

Action                   |  1- 3 |  4- 6 |  7- 9 | 10-12 | 13-15 || total
-------------------------+-------+-------+-------+-------+-------++-------
Melee: Unarmed           |    71 |   126 |   199 |   244 |   430 ||  1070
       Bite              |     6 |     4 |    16 |    18 |    46 ||    90
       Punch             |       |       |       |    13 |    32 ||    45
 Cast: Sandblast         |    25 |    65 |   100 |    70 |    54 ||   314
       Passwall          |     1 |     1 |     5 |     9 |    14 ||    30
       Lee's Rapid Decon |       |       |    27 |    73 |    46 ||   146
       Petrify           |       |       |     6 |    71 |   146 ||   223
       Mephitic Cloud    |       |       |       |       |     5 ||     5
Invok: Shadow Step       |       |       |       |     1 |       ||     1
 Abil: Evoke Flight      |       |       |       |     3 |     4 ||     7
       Evoke Invisibilit |       |       |       |       |     5 ||     5
Evoke: Wand              |     1 |       |       |     3 |       ||     4
  Use: Scroll            |     1 |     4 |     3 |    15 |     3 ||    26
       Potion            |     1 |     2 |       |     4 |     2 ||     9
 Stab: Sleeping          |     5 |    11 |    10 |    39 |    43 ||   108
       Distracted        |       |     1 |     1 |     2 |     3 ||     7
       Invisible         |       |       |     3 |     3 |    10 ||    16
       Petrified         |       |       |    18 |    36 |    73 ||   127
       Petrifying        |       |       |     1 |    18 |    47 ||    66
       Confused          |       |       |       |       |     2 ||     2
  Eat: Chunk             |     7 |     8 |    16 |    50 |    54 ||   135
Armor: Skin              |     7 |     5 |     7 |     8 |     8 ||    35
Dodge: Dodged            |    68 |   145 |   245 |   296 |   452 ||  1206

Table legend:
 A = Non-vault XP
 B = Vault XP
 C = Vault XP percentage of total XP
 D = Non-vault monster count
 E = Vault monster count
 F = Vault count percentage of total count
                 A         B        C        D         E       F
            +---------+---------+-------+---------+---------+-------
      Total |   67606 |   30024 |  30.8 |     460 |     127 |  21.6
            +---------+---------+-------+---------+---------+-------
        D:1 |      57 |       6 |   9.5 |      21 |       5 |  19.2
        D:2 |      31 |     570 |  94.8 |      16 |      13 |  44.8
        D:3 |      36 |       0 |   0.0 |       8 |       0 |   0.0
        D:4 |     287 |       0 |   0.0 |       9 |       0 |   0.0
        D:5 |    1023 |     305 |  23.0 |      41 |      13 |  24.1
        D:6 |     971 |       0 |   0.0 |      22 |       0 |   0.0
        D:7 |     480 |       0 |   0.0 |      12 |       0 |   0.0
        D:8 |    3580 |       0 |   0.0 |      33 |       0 |   0.0
        D:9 |    2557 |    2017 |  44.1 |      30 |       7 |  18.9
       D:10 |    3481 |    2505 |  41.8 |      36 |      11 |  23.4
       D:11 |    3402 |       0 |   0.0 |      28 |       0 |   0.0
       D:12 |    5014 |    3671 |  42.3 |      23 |       2 |   8.0
       D:13 |    6640 |    6273 |  48.6 |      34 |      21 |  38.2
     Lair:1 |    4084 |    3458 |  45.8 |      18 |       7 |  28.0
     Lair:2 |    6283 |     374 |   5.6 |      34 |       2 |   5.6
     Lair:3 |    7909 |    2141 |  21.3 |      21 |       4 |  16.0
     Lair:4 |    1632 |    4903 |  75.0 |      10 |       9 |  47.4
     Lair:5 |    8128 |    2490 |  23.5 |      24 |      30 |  55.6
     Lair:6 |   12011 |    1311 |   9.8 |      40 |       3 |   7.0
            +---------+---------+-------+---------+---------+-------
